[Event "Netanya Open 2019"]
[Site "Netanya"]
[Date "2019.06.27"]
[Round "5.51"]
[White "Parnes, Nadav"]
[Black "Smoliar, Klim"]
[Result "1-0"]
[WhiteElo "2072"]
[BlackElo "1871"]
[PlyCount "63"]
[EventDate "2019.06.23"]
[EventType "swiss"]
[EventRounds "9"]
[EventCountry "ISR"]
[TimeControl "40/5400+30:1800+30"]

1. e4 c5 2. Nf3 e6 3. d3 d5 4. Nbd2 Nc6 5. g3 Nf6 6. Bg2 dxe4 7. dxe4 Be7 8. O-O b6 9. Re1 Bb7 10. e5 Nd5 11. c3 a5 12. a4 Qc7 13. h4 h6 14. Nf1 Ba6 15. Qc2 c4 16. Qe4 Nd8 17. Nd4 Nb7 18. Qg4 O-O-O 19. Nxe6 fxe6 20. Qxe6+ Kb8 21. Bxd5 Nc5 22. Qc6 Qxc6 23. Bxc6 Nd3 24. Re4 Nc5 25. Re1 Nd3 26. Re2 Rhf8 27. e6 Rc8 28. Bd7 Rc7 29. Be3 Ka7 30. Bd4 Rg8 31. Ne3 g6 32. Nd5 1-0

[Event "Netanya Open 2019"]
[Site "Netanya"]
[Date "2019.06.27"]
[Round "5.52"]
[White "Tsirilman, Guy"]
[Black "Zhimalov, Adam"]
[Result "1-0"]
[WhiteElo "1798"]
[BlackElo "2044"]
[PlyCount "99"]
[EventDate "2019.06.23"]
[EventType "swiss"]
[EventRounds "9"]
[EventCountry "ISR"]
[TimeControl "40/5400+30:1800+30"]

1. e4 c5 2. Nf3 d6 3. d4 cxd4 4. Nxd4 Nf6 5. Nc3 a6 6. Be3 e5 7. Nb3 Be6 8. h3 h5 9. Qd2 Nbd7 10. O-O-O b5 11. a3 Rc8 12. Kb1 Nb6 13. f4 Qc7 14. fxe5 dxe5 15. Qf2 Nbd7 16. Bd3 Bxa3 17. Nd5 Bxd5 18. exd5 Bd6 19. Rhf1 O-O 20. Bf5 a5 21. g4 a4 22. Nc1 a3 23. Rg1 axb2 24. Nb3 Ra8 25. g5 Qc3 26. Ba7 Bc5 27. gxf6 g6 28. Qg3 Qxg3 29. Rxg3 Rxa7 30. Bxd7 Bf2 31. Rg2 Bd4 32. Rxd4 exd4 33. Bxb5 Rb8 34. Bc6 d3 35. Kxb2 dxc2 36. Rxc2 Rd8 37. Kc3 Rd6 38. Rf2 Rc7 39. Kc4 Rcxc6+ 40. dxc6 Rxc6+ 41. Nc5 Rd6 42. Ne4 Rd8 43. Rf3 Ra8 44. Ng5 Ra4+ 45. Kb5 Rd4 46. Kc5 Ra4 47. Rb3 Ra8 48. Kc6 h4 49. Kc7 Ra7+ 50. Rb7 1-0

[Event "Netanya Open 2019"]
[Site "Netanya"]
[Date "2019.06.27"]
[Round "5.53"]
[White "Cohen, Elad"]
[Black "Zoabi, Jihad"]
[Result "1-0"]
[WhiteElo "1999"]
[BlackElo "1788"]
[PlyCount "101"]
[EventDate "2019.06.23"]
[EventType "swiss"]
[EventRounds "9"]
[EventCountry "ISR"]
[TimeControl "40/5400+30:1800+30"]

1. e4 c5 2. Nf3 e6 3. d4 cxd4 4. Nxd4 Nf6 5. Nc3 d6 6. g3 Nc6 7. Bg2 Bd7 8. O-O Be7 9. Be3 O-O 10. Nxc6 Bxc6 11. f4 Qc7 12. g4 b5 13. g5 Nd7 14. f5 b4 15. Ne2 d5 16. Nd4 Bc5 17. Kh1 Bxd4 18. Bxd4 e5 19. Bg1 dxe4 20. f6 gxf6 21. gxf6 Kh8 22. Be3 Rg8 23. Bh3 Rad8 24. Qh5 Rg6 25. Bf5 Nxf6 26. Qh4 Nd5 27. Bxg6 fxg6 28. Rad1 Re8 29. Qg5 Qe7 30. Qxe7 Rxe7 31. Bh6 Re8 32. Rf8+ Rxf8 33. Bxf8 e3 34. Kg1 Nf4 35. Rd8 Ne6 36. Rc8 Bd7 37. Rb8 Nxf8 38. Rxf8+ Kg7 39. Rf3 Bf5 40. Rxe3 Bxc2 41. Rxe5 a6 42. Re6 Bd3 43. Rb6 Bb5 44. Rd6 b3 45. a3 h5 46. h4 Be2 47. Kf2 Bb5 48. Rb6 Kh6 49. Ke3 Kg7 50. Kd4 Kf7 51. Kc3 1-0

[Event "Netanya Open 2019"]
[Site "Netanya"]
[Date "2019.06.27"]
[Round "5.54"]
[White "Sherman, Reem"]
[Black "Tal-Shahar, Liam"]
[Result "0-1"]
[WhiteElo "1951"]
[BlackElo "1623"]
[PlyCount "96"]
[EventDate "2019.06.23"]
[EventType "swiss"]
[EventRounds "9"]
[EventCountry "ISR"]
[TimeControl "40/5400+30:1800+30"]

1. e4 e5 2. Bc4 Nf6 3. d3 Nc6 4. Nc3 Bb4 5. Bg5 h6 6. Bxf6 Bxc3+ 7. bxc3 Qxf6 8. Ne2 O-O 9. O-O Na5 10. Bb3 Nxb3 11. cxb3 d6 12. Ng3 Bd7 13. Qd2 Qg6 14. c4 b6 15. b4 a5 16. b5 Rae8 17. f3 h5 18. Ne2 f5 19. Nc3 Rf7 20. Nd5 Be6 21. Rac1 f4 22. Qf2 Bxd5 23. cxd5 Qh6 24. Rc6 g5 25. Rfc1 Qg7 26. Kh1 Ree7 27. R1c4 Kh8 28. a4 Kh7 29. Rc1 Qg6 30. h3 Kh8 31. R1c4 Rg7 32. d4 exd4 33. e5 Rxe5 34. Rxc7 Rxc7 35. Rxc7 Qb1+ 36. Kh2 Qd1 37. Rc4 Re3 38. h4 Kg8 39. hxg5 Re1 40. Rc8+ Kf7 41. g6+ Kg7 42. Rc7+ Kh6 43. Qxe1 Qxe1 44. g7 Qg3+ 45. Kg1 d3 46. Rc3 d2 47. Rd3 Qe1+ 48. Kh2 Kxg7 0-1

[Event "Netanya Open 2019"]
[Site "Netanya"]
[Date "2019.06.27"]
[Round "5.55"]
[White "Stolyarsky, Yegor"]
[Black "Sobel, Ido"]
[Result "0-1"]
[WhiteElo "2017"]
[BlackElo "1606"]
[PlyCount "102"]
[EventDate "2019.06.23"]
[EventType "swiss"]
[EventRounds "9"]
[EventCountry "ISR"]
[TimeControl "40/5400+30:1800+30"]

1. d4 e6 2. Nf3 d5 3. e3 Nf6 4. Bd3 c5 5. b3 Nc6 6. Bb2 Bd6 7. O-O Bd7 8. a3 b6 9. Nbd2 Qc7 10. Qe2 cxd4 11. exd4 O-O 12. Ne5 Rad8 13. f4 Bc8 14. Qf2 Ne7 15. Qh4 Bb7 16. Rae1 Ne4 17. Nxe4 dxe4 18. Bc4 b5 19. Bxb5 Qxc2 20. Nc4 e3 21. Qg5 h6 22. Qg4 Qxb3 23. a4 Nf5 24. Ba1 Be4 25. Qh3 Bb4 26. Re2 Bc3 27. Nxe3 Nxd4 28. Ref2 Bxa1 29. Rxa1 Nxb5 30. axb5 Rd3 31. Re1 Rc8 32. Rfe2 Rcc3 33. Kf2 Qxb5 34. Qh4 Qc5 35. g4 a5 36. f5 exf5 37. gxf5 Bxf5 38. Qa4 Bd7 39. Qe4 Bc6 40. Qf4 Qd6 41. Qg4 Qxh2+ 42. Kf1 Qh1+ 43. Kf2 Qe4 44. Qc8+ Kh7 45. Qh3 f5 46. Kf1 a4 47. Kg1 g6 48. Qh2 Rxe3 49. Qc7+ Kg8 50. Qd8+ Be8 51. Qd2 Rg3+ 0-1

[Event "Netanya Open 2019"]
[Site "Netanya"]
[Date "2019.06.27"]
[Round "5.56"]
[White "Iliaguev, Daniel"]
[Black "Kopaloff, Liam"]
[Result "1-0"]
[WhiteElo "2007"]
[BlackElo "1545"]
[PlyCount "75"]
[EventDate "2019.06.23"]
[EventType "swiss"]
[EventRounds "9"]
[EventCountry "ISR"]
[TimeControl "40/5400+30:1800+30"]

1. g3 d5 2. Bg2 Nf6 3. d4 e6 4. Nf3 Bd6 5. O-O O-O 6. c4 b6 7. Nc3 Bb7 8. Qc2 Nbd7 9. Rd1 Rc8 10. b3 Qe7 11. Bb2 Rfd8 12. Rac1 a6 13. Nd2 c5 14. dxc5 Bxc5 15. cxd5 exd5 16. Qf5 Qe6 17. Bh3 Nf8 18. Qxe6 Nxe6 19. Na4 Nd7 20. Nf3 b5 21. Nxc5 Rxc5 22. Nd4 Nxd4 23. Bxd4 Rxc1 24. Rxc1 Rc8 25. Rd1 Rc7 26. e4 Nf8 27. exd5 Bxd5 28. Be5 Bf3 29. Bxc7 Bxd1 30. Bc8 Ne6 31. Bb6 Bc2 32. Bxa6 Bb1 33. a3 Bc2 34. Bxb5 Bxb3 35. Bc6 Bc4 36. f4 g6 37. a4 Kf8 38. Bb7 1-0

[Event "Netanya Open 2019"]
[Site "Netanya"]
[Date "2019.06.27"]
[Round "5.57"]
[White "Noy, Eyal"]
[Black "Schnaidman, Itzhak"]
[Result "1-0"]
[WhiteElo "1858"]
[BlackElo "1474"]
[PlyCount "95"]
[EventDate "2019.06.23"]
[EventType "swiss"]
[EventRounds "9"]
[EventCountry "ISR"]
[TimeControl "40/5400+30:1800+30"]

1. e4 e5 2. Nf3 Nc6 3. Bb5 Bc5 4. O-O Nd4 5. Nxd4 Bxd4 6. c3 Bb6 7. d4 c6 8. Bc4 d6 9. Qd3 Nf6 10. Bg5 h6 11. Bh4 g5 12. Bg3 Nh5 13. dxe5 Nxg3 14. Qxg3 d5 15. exd5 cxd5 16. Rd1 d4 17. cxd4 Bxd4 18. Qd3 Bg4 19. Rd2 Bxe5 20. Qe4 Qe7 21. Bb5+ Kf8 22. Qxg4 Bxh2+ 23. Kxh2 Qe5+ 24. Qg3 Qxb5 25. Nc3 Qb4 26. Rad1 Kg7 27. Qe5+ Kh7 28. Rd7 Rhf8 29. Qf6 Qh4+ 30. Kg1 Qh5 31. Rxb7 Rac8 32. Rdd7 Kg8 33. Rxa7 Rce8 34. Re7 Rd8 35. Rad7 Rc8 36. Rd2 Rcd8 37. Rxd8 Rxd8 38. Rxf7 Rd1+ 39. Nxd1 Qxd1+ 40. Kh2 Qh5+ 41. Kg3 Qh4+ 42. Kf3 Qh5+ 43. Ke3 Qxf7 44. Qxf7+ Kxf7 45. g4 Ke6 46. a4 Kd5 47. a5 Kc5 48. b4+ 1-0

[Event "Netanya Open 2019"]
[Site "Netanya"]
[Date "2019.06.27"]
[Round "5.58"]
[White "Lomakin, Vladimir"]
[Black "Yusupoff, Yoav"]
[Result "0-1"]
[WhiteElo "1430"]
[BlackElo "1874"]
[PlyCount "64"]
[EventDate "2019.06.23"]
[EventType "swiss"]
[EventRounds "9"]
[EventCountry "ISR"]
[TimeControl "40/5400+30:1800+30"]

1. e4 c5 2. Nf3 e6 3. d4 cxd4 4. Nxd4 a6 5. Nc3 b5 6. a3 Qc7 7. Be2 Bb7 8. O-O Nf6 9. Bf3 d6 10. Re1 Nbd7 11. Nb3 Ne5 12. Bf4 Nfd7 13. Be2 Be7 14. Bg3 O-O 15. f4 Nc4 16. Rb1 Nxa3 17. Nxb5 Nxb5 18. c4 Na7 19. e5 dxe5 20. fxe5 Nc6 21. Bd3 Rfd8 22. Bxh7+ Kxh7 23. Qh5+ Kg8 24. c5 Nxc5 25. Rf1 Bf8 26. Nxc5 Bxc5+ 27. Kh1 Rd2 28. Rf4 Nd4 29. Bf2 Nf5 30. Rc1 Rxf2 31. Rxf2 Qxe5 32. Rfc2 Ng3+ 0-1

[Event "Netanya Open 2019"]
[Site "Netanya"]
[Date "2019.06.27"]
[Round "5.59"]
[White "Shetah, Roi"]
[Black "Kinberg, Raz"]
[Result "1-0"]
[WhiteElo "1836"]
[BlackElo "1385"]
[PlyCount "55"]
[EventDate "2019.06.23"]
[EventType "swiss"]
[EventRounds "9"]
[EventCountry "ISR"]
[TimeControl "40/5400+30:1800+30"]

1. e4 e5 2. Nf3 Nc6 3. Bc4 Bc5 4. O-O Nf6 5. d3 d6 6. a4 a6 7. c3 Bb6 8. h3 O-O 9. Nbd2 h6 10. Bb3 Qe7 11. Nc4 Ba7 12. a5 Bd7 13. Be3 Kh7 14. Bxa7 Rxa7 15. Bc2 Be6 16. Ne3 g5 17. d4 Bd7 18. Nd5 Qd8 19. dxe5 Ne8 20. exd6 cxd6 21. e5+ Kg7 22. Qd3 Rh8 23. Nb6 Be6 24. exd6 Qxd6 25. Qe3 Nc7 26. Rad1 Qe7 27. Nd4 Qc5 28. Nf5+ 1-0

[Event "Netanya Open 2019"]
[Site "Netanya"]
[Date "2019.06.27"]
[Round "5.60"]
[White "Segev, Ido"]
[Black "Zilbershtein, Victor"]
[Result "0-1"]
[WhiteElo "1382"]
[BlackElo "1756"]
[PlyCount "76"]
[EventDate "2019.06.23"]
[EventType "swiss"]
[EventRounds "9"]
[EventCountry "ISR"]
[TimeControl "40/5400+30:1800+30"]

1. d4 Nf6 2. c4 c5 3. Nf3 cxd4 4. Nxd4 g6 5. Nc3 Bg7 6. g3 O-O 7. Bg2 Nc6 8. e3 a6 9. O-O Ne5 10. b3 d6 11. h3 Rb8 12. f4 Ned7 13. Ba3 Qa5 14. Qc1 Qc7 15. f5 Ne5 16. fxg6 hxg6 17. Nf3 Nh5 18. Qe1 Qa5 19. Bb2 Nd3 20. Qd2 Nxb2 21. Nd5 Qxd2 22. Nxd2 Re8 23. g4 Nf6 24. Nb6 Nd3 25. Nxc8 Rexc8 26. Rad1 Nc5 27. b4 Ne6 28. Bd5 Nc7 29. Bg2 b5 30. cxb5 Nxb5 31. g5 Nd7 32. Rf2 Ne5 33. Nf3 Nxf3+ 34. Rxf3 Nc3 35. Rdf1 f5 36. gxf6 Bxf6 37. Rg3 Kh7 38. h4 Ne2+ 0-1

[Event "Netanya Open 2019"]
[Site "Netanya"]
[Date "2019.06.27"]
[Round "5.61"]
[White "Ribstein, Orel"]
[Black "Fudim, Basya"]
[Result "1/2-1/2"]
[WhiteElo "1697"]
[BlackElo "1332"]
[PlyCount "53"]
[EventDate "2019.06.23"]
[EventType "swiss"]
[EventRounds "9"]
[EventCountry "ISR"]
[TimeControl "40/5400+30:1800+30"]

1. d4 d5 2. Nf3 Nf6 3. c4 c6 4. g3 dxc4 5. Bg2 g6 6. O-O Bg7 7. Ne5 O-O 8. Na3 Nbd7 9. Naxc4 Nb6 10. Nxb6 axb6 11. e3 Be6 12. a3 Qb8 13. Nd3 Rd8 14. Qe2 Bc4 15. Qc2 Ba6 16. Rd1 Ne8 17. Rb1 e5 18. dxe5 Bxe5 19. b3 Bg7 20. a4 Qd6 21. Bf1 Qe7 22. Bg2 Rd7 23. Bb2 Rad8 24. Bf1 Nf6 25. Nf4 Bxf1 26. Kxf1 Ne4 27. Ke2 1/2-1/2

[Event "Netanya Open 2019"]
[Site "Netanya"]
[Date "2019.06.27"]
[Round "5.62"]
[White "Neeman, Ori"]
[Black "Neeman, Gal"]
[Result "0-1"]
[WhiteElo "1285"]
[BlackElo "1661"]
[PlyCount "76"]
[EventDate "2019.06.23"]
[EventType "swiss"]
[EventRounds "9"]
[EventCountry "ISR"]
[TimeControl "40/5400+30:1800+30"]

1. e4 c5 2. d3 Nc6 3. Be3 e6 4. Nf3 Qc7 5. a3 Nf6 6. Nbd2 d5 7. g3 h6 8. Nb3 d4 9. Bf4 e5 10. Bd2 Be7 11. c3 Be6 12. cxd4 cxd4 13. Qc2 Qb6 14. Nc1 Rc8 15. Rb1 Nb4 16. Qa4+ Bd7 17. Qb3 Nc2+ 18. Ke2 Qa6 19. Nxe5 Be6 20. Nc4 Rxc4 21. dxc4 Bxc4+ 22. Kf3 Qc6 23. Qxc2 Be2+ 24. Bxe2 Qxc2 25. Nd3 Qxd2 26. Rhd1 Qa5 27. Nf4 Qe5 28. Bd3 O-O 29. Re1 Rc8 30. Kg2 g5 31. Nh3 Nd7 32. Rbc1 Rxc1 33. Rxc1 Nc5 34. Bc4 d3 35. Bd5 Qxb2 36. Rd1 d2 37. Kf1 Qc2 38. Ke2 Qd3# 0-1

[Event "Netanya Open 2019"]
[Site "Netanya"]
[Date "2019.06.27"]
[Round "5.63"]
[White "Usha Margolin, Daniel"]
[Black "Kadosh, Lior"]
[Result "0-1"]
[WhiteElo "1437"]
[BlackElo "1649"]
[PlyCount "46"]
[EventDate "2019.06.23"]
[EventType "swiss"]
[EventRounds "9"]
[EventCountry "ISR"]
[TimeControl "40/5400+30:1800+30"]

1. e4 e5 2. Nf3 Nc6 3. Nc3 Nf6 4. Bb5 Bb4 5. O-O O-O 6. d3 d6 7. Bg5 Bxc3 8. bxc3 h6 9. Bh4 Bg4 10. Re1 g5 11. Bg3 Ne7 12. h4 gxh4 13. Bxh4 Ng6 14. Bg3 Nh5 15. d4 Qf6 16. Be2 Nhf4 17. Rb1 b6 18. d5 Qg7 19. Qd2 h5 20. Kf1 h4 21. Bxf4 Nxf4 22. Ng1 Bxe2+ 23. Nxe2 Qxg2# 0-1

[Event "Netanya Open 2019"]
[Site "Netanya"]
[Date "2019.06.27"]
[Round "5.65"]
[White "Scheinfeild, Michael"]
[Black "Lisnovetzky, Daniel"]
[Result "1-0"]
[WhiteElo "1582"]
[BlackElo "1320"]
[PlyCount "40"]
[EventDate "2019.06.23"]
[EventType "swiss"]
[EventRounds "9"]
[EventCountry "ISR"]
[TimeControl "40/5400+30:1800+30"]

1. Nf3 Nf6 2. d4 c5 3. e3 e6 4. c4 d5 5. Nc3 Nc6 6. Be2 b6 7. O-O g6 8. cxd5 exd5 9. Bb5 Bb7 10. Ne5 Qc7 11. Qf3 Bg7 12. Nxd5 Nxd5 13. Qxd5 O-O 14. Nxc6 Rfd8 15. Qe4 cxd4 16. exd4 a6 17. Bf4 Rxd4 18. Qxd4 Bxd4 19. Bxc7 Bxc6 20. Bxc6 Rc8 1-0

[Event "Netanya Open 2019"]
[Site "Netanya"]
[Date "2019.06.27"]
[Round "5.66"]
[White "Havakuk, Elad"]
[Black "Lazebnikov, Efim"]
[Result "0-1"]
[WhiteElo "1350"]
[BlackElo "1444"]
[PlyCount "66"]
[EventDate "2019.06.23"]
[EventType "swiss"]
[EventRounds "9"]
[EventCountry "ISR"]
[TimeControl "40/5400+30:1800+30"]

1. e4 e6 2. d4 b6 3. g3 Bb7 4. Bg2 g6 5. Nc3 Bg7 6. Nf3 Ne7 7. O-O O-O 8. Re1 c5 9. e5 cxd4 10. Nxd4 Bxg2 11. Kxg2 Nbc6 12. Nf3 a6 13. a4 Qc7 14. Bf4 h6 15. h4 Qb7 16. Ne4 Nd5 17. Nd6 Nxf4+ 18. gxf4 Qc7 19. c3 Ne7 20. Nd4 Nd5 21. Qf3 f6 22. Qe4 fxe5 23. fxe5 Nf4+ 24. Kh1 Qd8 25. Nf3 g5 26. hxg5 hxg5 27. Rg1 Nh3 28. Rg2 Rf4 29. Qd3 g4 30. Qg6 Rxf3 31. Rxg4 Nxf2+ 32. Kg2 Nxg4 33. Kxf3 Nxe5+ 0-1

[Event "Netanya Open 2019"]
[Site "Netanya"]
[Date "2019.06.27"]
[Round "5.67"]
[White "Sivan, Guy"]
[Black "Ben Hemo, Guy"]
[Result "1-0"]
[WhiteElo "1246"]
[BlackElo "1453"]
[PlyCount "78"]
[EventDate "2019.06.23"]
[EventType "swiss"]
[EventRounds "9"]
[EventCountry "ISR"]
[TimeControl "40/5400+30:1800+30"]

1. e4 c5 2. d4 cxd4 3. c3 dxc3 4. Nxc3 d6 5. Bc4 Nf6 6. Bf4 e5 7. Bd2 Be7 8. Nf3 O-O 9. O-O Nxe4 10. Nxe4 d5 11. Nxe5 dxc4 12. Nxc4 Qd4 13. Qe2 Be6 14. Rac1 Nc6 15. Rfd1 Bxc4 16. Rxc4 Qxb2 17. Qg4 Ne5 18. Qg3 Nxc4 19. Bc3 Qxc3 20. Nxc3 Rad8 21. Nd5 Bd6 22. Qb3 Nb6 23. Ne3 Bc7 24. g3 h6 25. Nf5 Rxd1+ 26. Qxd1 Rd8 27. Qb3 Rd7 28. Qe3 Kf8 29. Qc5+ Kg8 30. Qc3 f6 31. Qb3+ Kh7 32. Qe6 Be5 33. Ne7 Rd8 34. Qf5+ Kh8 35. Ng6+ Kg8 36. Qe6+ Kh7 37. Nxe5 fxe5 38. Qxe5 Rd2 39. Qa5 Nd5 1-0

[Event "Netanya Open 2019"]
[Site "Netanya"]
[Date "2019.06.27"]
[Round "5.68"]
[White "Mendler, Omer"]
[Black "Khairova, Evelina"]
[Result "1-0"]
[WhiteElo "1231"]
[BlackElo "1501"]
[PlyCount "57"]
[EventDate "2019.06.23"]
[EventType "swiss"]
[EventRounds "9"]
[EventCountry "ISR"]
[TimeControl "40/5400+30:1800+30"]

1. e4 e6 2. d4 d5 3. exd5 exd5 4. Nf3 Nf6 5. c3 Bd6 6. Bd3 O-O 7. O-O h6 8. h3 Re8 9. Be3 Bd7 10. Qb3 Qc8 11. Re1 Nc6 12. Nbd2 Rb8 13. c4 Be6 14. c5 Be7 15. Qc3 Nd7 16. b4 b6 17. Nf1 Bf6 18. Rab1 b5 19. Qd2 Ne7 20. Ng3 Nf8 21. Nh5 Nd7 22. Nxf6+ Nxf6 23. Bxh6 gxh6 24. Qxh6 Bf5 25. Qg5+ Kf8 26. Qxf6 Bxd3 27. Rxe7 Bg6 28. Rbe1 Rxe7 29. Qh8# 1-0

[Event "Netanya Open 2019"]
[Site "Netanya"]
[Date "2019.06.27"]
[Round "5.69"]
[White "Marques, Don"]
[Black "Friedland, Benzi"]
[Result "0-1"]
[WhiteElo "1179"]
[BlackElo "1189"]
[PlyCount "162"]
[EventDate "2019.06.23"]
[EventType "swiss"]
[EventRounds "9"]
[EventCountry "ISR"]
[TimeControl "40/5400+30:1800+30"]

1. e4 d5 2. exd5 Qxd5 3. Nc3 Qa5 4. d4 Nf6 5. Bd2 c6 6. Ne4 Qb6 7. Nxf6+ gxf6 8. Bc3 Bf5 9. Nf3 Nd7 10. Bd3 Bg6 11. O-O O-O-O 12. Nh4 e6 13. a3 Be7 14. Be2 e5 15. d5 Nc5 16. Bg4+ Kb8 17. Qf3 Be4 18. Qe3 cxd5 19. Qd2 Rhg8 20. Bf5 Rg7 21. Ba5 Qc6 22. Bxd8 Bxd8 23. f3 Bxf5 24. Nxf5 Rg5 25. g4 Qe6 26. Rae1 Qxf5 27. Qxd5 Qc8 28. Rd1 Ne6 29. Qd6+ Bc7 30. Qd7 Rg7 31. Qxc8+ Kxc8 32. Kg2 h5 33. Kh3 Rg5 34. Kh4 Nf4 35. Rf2 Bb6 36. Rfd2 f5 37. Kxg5 hxg4 38. fxg4 fxg4 39. Kxg4 Ne6 40. Rf1 Be3 41. Rd6 Bf4 42. h4 Nd4 43. c3 Nc2 44. Rh1 Ne3+ 45. Kf3 Nc4 46. Rf6 Nd2+ 47. Kg4 Ne4 48. Rxf7 Nf2+ 49. Kf3 Nxh1 50. h5 Ng3 51. Kg4 Ne4 52. Kf5 Nd6+ 53. Kg6 Nxf7 54. Kf5 Nh6+ 55. Ke4 Kc7 56. Kd5 Kb6 57. c4 Nf7 58. b4 a6 59. a4 Bd2 60. a5+ Ka7 61. Ke6 Bh6 62. Kf5 Bf4 63. Ke4 b6 64. c5 bxc5 65. bxc5 Kb7 66. Kf5 Kc6 67. Ke6 Kxc5 68. Kxf7 e4 69. Kf6 e3 70. Kf5 e2 71. Kxf4 e1=Q 72. Kg5 Qe5+ 73. Kg6 Qh8 74. h6 Kb5 75. h7 Kxa5 76. Kf5 Kb4 77. Ke4 Kb3 78. Kd3 a5 79. Kd2 a4 80. Kc1 a3 81. Kb1 Qb2# 0-1

[Event "Netanya Open 2019"]
[Site "Netanya"]
[Date "2019.06.28"]
[Round "6.2"]
[White "Svetushkin, Dmitry"]
[Black "Gorodetzky, David"]
[Result "1-0"]
[ECO "C11"]
[WhiteElo "2532"]
[BlackElo "2461"]
[Annotator "ChessBase"]
[PlyCount "83"]
[EventDate "2019.06.23"]
[EventType "swiss"]
[EventCountry "ISR"]
[SourceTitle "playchess.com"]
[Source "ChessBase"]
[SourceQuality "1"]
[TimeControl "40/5400+30:1800+30"]

1. e4 e6 2. d4 d5 3. Nc3 Nf6 4. e5 Nfd7 5. f4 c5 6. Nf3 Nc6 7. Be3 a6 8. Qd2 b5 9. a3 Qb6 10. Ne2 Be7 11. dxc5 Bxc5 12. Ned4 g5 13. g3 g4 14. b4 gxf3 15. bxc5 Qc7 16. a4 bxa4 17. Qc3 Bb7 18. Bd3 Nxd4 19. Bxd4 Bc6 20. O-O Bb5 21. Rxf3 Rc8 22. Qb4 Rb8 23. Bxb5 Rxb5 24. Qxa4 Nxc5 25. Rc3 O-O 26. Qa3 Rc8 27. f5 exf5 28. Rf1 Qb6 29. Qc1 Qd8 30. Qf4 Ne6 31. Qxf5 Rb7 32. Qg4+ Kh8 33. Rxf7 Rxf7 34. Qxe6 Rcc7 35. Qg4 Rxc3 36. e6+ Rf6 37. Bxc3 h6 38. Qd4 Kg7 39. Qe5 Qb6+ 40. Kg2 Qf2+ 41. Kh3 Qf1+ 42. Kh4 1-0

[Event "Netanya Open 2019"]
[Site "Netanya"]
[Date "2019.06.28"]
[Round "6.3"]
[White "Khmelniker, Ilya"]
[Black "Zubov, Alexander"]
[Result "0-1"]
[ECO "D90"]
[WhiteElo "2483"]
[BlackElo "2597"]
[Annotator "ChessBase"]
[PlyCount "62"]
[EventDate "2019.06.23"]
[EventType "swiss"]
[EventCountry "ISR"]
[SourceTitle "playchess.com"]
[Source "ChessBase"]
[SourceQuality "1"]
[TimeControl "40/5400+30:1800+30"]

1. d4 Nf6 2. c4 g6 3. Nc3 d5 4. Nf3 Bg7 5. h4 c6 6. cxd5 cxd5 7. Bf4 Nc6 8. e3 O-O 9. Qb3 Na5 10. Qa3 Nc6 11. Be2 Bg4 12. Ne5 Bxe2 13. Nxc6 bxc6 14. Nxe2 Nd7 15. Rc1 e5 16. dxe5 Nxe5 17. Bxe5 Bxe5 18. Rxc6 Re8 19. h5 d4 20. hxg6 hxg6 21. Nxd4 Qd5 22. Qb3 Qxg2 23. Rh6 Kg7 24. Qb7 Qg1+ 25. Ke2 Kxh6 26. Nf5+ Kg5 27. Nh4 Qg4+ 28. f3 Qxh4 29. Qxf7 Qh2+ 30. Kf1 Qh1+ 31. Kf2 Bg3+ 0-1

[Event "Netanya Open 2019"]
[Site "Netanya"]
[Date "2019.06.28"]
[Round "6.4"]
[White "Mikhalevski, Victor"]
[Black "Bronstein, Or"]
[Result "1-0"]
[ECO "A35"]
[WhiteElo "2579"]
[BlackElo "2378"]
[Annotator "ChessBase"]
[PlyCount "89"]
[EventDate "2019.06.23"]
[EventType "swiss"]
[EventCountry "ISR"]
[SourceTitle "playchess.com"]
[Source "ChessBase"]
[SourceQuality "1"]
[TimeControl "40/5400+30:1800+30"]

1. Nf3 c5 2. c4 Nc6 3. Nc3 g6 4. e3 Nf6 5. d4 cxd4 6. exd4 d5 7. cxd5 Nxd5 8. Qb3 e6 9. Bb5 Bg7 10. O-O O-O 11. Bxc6 bxc6 12. Bd2 Qb6 13. Na4 Qxb3 14. axb3 Ba6 15. Rfc1 Bb5 16. Nc5 Rfd8 17. Ba5 Re8 18. Bd2 Red8 19. Re1 Nb6 20. Ba5 Rac8 21. Bc3 Ra8 22. Ne5 Rd5 23. f4 h5 24. Ra5 Nc8 25. Rea1 g5 26. Na6 Bxa6 27. Rxa6 c5 28. R1a5 gxf4 29. Rxc5 Ne7 30. Nf3 Rd7 31. Rxh5 Nf5 32. Rg5 Kh7 33. Rg4 Bh6 34. Ne5 Rb7 35. d5 Ne3 36. Rh4 Rg8 37. dxe6 Rxg2+ 38. Kh1 Rc2 39. Rxh6+ Kxh6 40. exf7+ Kh7 41. Rh6+ Kxh6 42. f8=Q+ Kh7 43. Nd3 Rd7 44. Qh8+ Kg6 45. Qe8+ 1-0

[Event "Netanya Open 2019"]
[Site "Netanya"]
[Date "2019.06.28"]
[Round "6.9"]
[White "Kantsler, Boris"]
[Black "Sivuk, Vitaly"]
[Result "1/2-1/2"]
[ECO "E60"]
[WhiteElo "2420"]
[BlackElo "2547"]
[Annotator "ChessBase"]
[PlyCount "84"]
[EventDate "2019.06.23"]
[EventType "swiss"]
[EventCountry "ISR"]
[SourceTitle "playchess.com"]
[Source "ChessBase"]
[SourceQuality "1"]
[TimeControl "40/5400+30:1800+30"]

1. d4 Nf6 2. c4 g6 3. Nf3 Bg7 4. g3 c5 5. Bg2 Qa5+ 6. Nc3 Ne4 7. Bd2 Nxd2 8. Qxd2 Nc6 9. dxc5 Qxc5 10. Nd5 O-O 11. Rc1 a5 12. O-O Rb8 13. a3 a4 14. Ne1 b6 15. Nd3 Qa5 16. Qf4 Qa7 17. e3 Ba6 18. Rc2 e6 19. N5b4 Nxb4 20. Nxb4 Bb7 21. Bxb7 Qxb7 22. Rfc1 Rfd8 23. Nd3 d6 24. Nb4 Rbc8 25. Qg4 Rc5 26. Qe2 h5 27. Nd3 Rc7 28. h4 Rdc8 29. Nb4 Qe4 30. f3 Qe5 31. Kg2 d5 32. Nd3 Qd6 33. cxd5 Rxc2 34. Rxc2 Rxc2 35. Qxc2 Qxd5 36. Nf2 Qb5 37. Nd1 Bf6 38. Kf2 Qd7 39. Nc3 Qc7 40. Qxa4 Bxc3 41. bxc3 Qxc3 42. Qb4 Qc2+ 1/2-1/2

[Event "Netanya Open 2019"]
[Site "Netanya"]
[Date "2019.06.28"]
[Round "6.10"]
[White "Rozentalis, Eduardas"]
[Black "Emanuel, Yahav"]
[Result "1-0"]
[ECO "C55"]
[WhiteElo "2540"]
[BlackElo "2359"]
[Annotator "ChessBase"]
[PlyCount "89"]
[EventDate "2019.06.23"]
[EventType "swiss"]
[EventCountry "ISR"]
[SourceTitle "playchess.com"]
[Source "ChessBase"]
[SourceQuality "1"]
[TimeControl "40/5400+30:1800+30"]

1. e4 e5 2. Nf3 Nc6 3. Bc4 Nf6 4. d3 Be7 5. O-O O-O 6. c3 d5 7. exd5 Nxd5 8. Re1 Nb6 9. Bb5 f6 10. Bxc6 bxc6 11. d4 exd4 12. Nxd4 c5 13. Nc6 Qxd1 14. Nxe7+ Kf7 15. Rxd1 Kxe7 16. Be3 Re8 17. Bxc5+ Kf7 18. b3 Bf5 19. Na3 c6 20. Bxb6 axb6 21. Nc4 Re2 22. a4 Be6 23. Nxb6 Ra6 24. a5 Bxb3 25. Rd7+ Kg6 26. h3 Re5 27. Ra3 Be6 28. Re7 Bf5 29. Rxe5 fxe5 30. Nc4 Kf6 31. Nd6 Be6 32. Ne8+ Kf7 33. Nc7 Ra7 34. Nxe6 Kxe6 35. Kf1 Kd5 36. Ke2 Ra6 37. Ke3 c5 38. f3 g6 39. h4 h6 40. Ra4 c4 41. Ra1 h5 42. Ra2 Kd6 43. Ke4 Ke6 44. g3 Kd6 45. Rd2+ 1-0

[Event "Netanya Open 2019"]
[Site "Netanya"]
[Date "2019.06.28"]
[Round "6.11"]
[White "Birnboim, Nathan"]
[Black "Kogan, Arthur"]
[Result "1-0"]
[ECO "E11"]
[WhiteElo "2379"]
[BlackElo "2535"]
[Annotator "ChessBase"]
[PlyCount "97"]
[EventDate "2019.06.23"]
[EventType "swiss"]
[EventCountry "ISR"]
[SourceTitle "playchess.com"]
[Source "ChessBase"]
[SourceQuality "1"]
[TimeControl "40/5400+30:1800+30"]

1. d4 Nf6 2. c4 e6 3. g3 Bb4+ 4. Bd2 a5 5. Bg2 d6 6. Nf3 Nbd7 7. O-O e5 8. Be3 O-O 9. Qc2 exd4 10. Bxd4 Re8 11. Nc3 c6 12. Rad1 Qe7 13. Nh4 Nc5 14. Nf5 Bxf5 15. Qxf5 Nfd7 16. Qc2 a4 17. b3 a3 18. e3 Ne6 19. Ne2 Ne5 20. Ba1 Ra5 21. Nd4 Nxd4 22. Rxd4 f6 23. Bc3 Bxc3 24. Qxc3 Raa8 25. Rfd1 Nf7 26. b4 Qe5 27. Qb3 f5 28. Qd3 Ra4 29. Rb1 g6 30. Qb3 Rea8 31. f4 Qf6 32. Rd3 Qe6 33. Rc3 h5 34. b5 Qe8 35. bxc6 bxc6 36. Qb6 R4a6 37. Qd4 c5 38. Qf6 d5 39. Rb6 Rxb6 40. Qxb6 d4 41. Qxg6+ Kf8 42. Rb3 dxe3 43. Kf1 Rb8 44. Bc6 e2+ 45. Ke1 Qd8 46. Bd5 Nd6 47. Qg8+ Ke7 48. Re3+ Ne4 49. Qe6+ 1-0